 Dungeon Crawl Stone Soup version 0.17.0-28-g6e173f8 (webtiles) character file.

864 homeworkjunkie the Covert (level 7, -1/35 HPs)
             Began as a Spriggan Assassin on Nov 23, 2015.
             Slain by an orc warrior
             ... wielding a +0 dire flail
              (16 damage)
             ... on level 6 of the Dungeon.
             The game lasted 00:10:35 (5577 turns).

homeworkjunkie the Covert (Spriggan Assassin)       Turns: 5577, Time: 00:10:36

Health: -1/35      AC:  4    Str:  7    XL:     7   Next: 72%
Magic:  8/8        EV: 23    Int: 12    God:
Gold:   307        SH:  0    Dex: 20    Spells: 1 memorised, 4 levels left

rFire  + . .     SeeInvis +     q - wand of confusion (19)
rCold  x . .     Clarity  .     c - +0 robe
rNeg   . . .     SustAt   .     (shield restricted)
rPois  +         Gourm    .     (helmet restricted)
rElec  .         Spirit   .     d - +1 cloak
rCorr  .         Warding  .     (gloves unavailable)
rMut   .         Stasis   .     (boots unavailable)
MR     +....                    (no amulet)
Stlth  +++++.....               h - ring of poison resistance
                                e - ring of fire

@: about to teleport, very quick, somewhat resistant to hostile enchantments,
quite stealthy
A: unfitting armour, see invisible, herbivore 3, speed 3, slow metabolism 2
a: no special abilities


You were on level 6 of the Dungeon.
You were not hungry.

You visited 1 branch of the dungeon, and saw 7 of its levels.

You collected 307 gold pieces.

Inventory:

Hand Weapons
 a - a +2 dagger
 b - a +1 blowgun
Missiles
 p - 53 sling bullets
Armour
 c - a +0 robe (worn)
 d - a +1 cloak (worn)
Jewellery
 e - a ring of fire (left hand)
 h - a ring of poison resistance (right hand)
Wands
 i - a wand of fireball (8)
 n - a wand of frost (37)
 q - a wand of confusion (19) (in hand)
 r - a wand of flame (0)
Scrolls
 j - 3 scrolls of teleportation
 k - a scroll of recharging
 m - a scroll of amnesia
 y - a scroll of enchant armour
Potions
 f - 2 potions of agility
 l - a potion of ambrosia
 t - a potion of resistance
 w - a potion of haste {unknown}
Books
 s - a book of Transfigurations

   Spells                             Type                      Level
   a - Stoneskin                      Transmutation/Earth          2
   b - Irradiate                      Conjuration/Transmutation    5
   c - Statue Form                    Transmutation/Earth          6
   d - Hydra Form                     Transmutation                6
   e - Dragon Form                    Transmutation                7
 x - a book of Necromancy

   Spells                             Type                      Level
   a - Pain                           Necromancy                   1
   b - Animate Skeleton               Necromancy                   1
   c - Vampiric Draining              Necromancy                   3
   d - Regeneration                   Charms/Necromancy            3
   e - Animate Dead                   Necromancy                   4
   f - Control Undead                 Necromancy                   4
Comestibles
 g - 3 bread rations
 v - 3 fruits
 z - 2 slices of pizza
 A - a royal jelly


   Skills:
 * Level 2.8 Fighting
 * Level 3.8 Short Blades
 * Level 3.8 Throwing
 * Level 6.8 Dodging
 * Level 9.7 Stealth
 + Level 0.3 Evocations


You had 4 spell levels left.
You knew the following spells:

 Your Spells              Type           Power        Failure   Level  Hunger
a - Stoneskin             Trmt/Erth      #.......     52%         2    ###....


Dungeon Overview and Level Annotations

Branches:
Dungeon (7/15)
 Temple: D:4-7

Altars:
Dithmenos
Fedhas
Gozag
Zin

Shops:
D:5 }


Innate Abilities, Weirdness & Mutations

You are tiny and cannot use many weapons and most armour.
You have supernaturally acute eyesight.
You are a herbivore.
You cover ground extremely quickly.
You need consume almost no food.


Message History

Press: ? - help, Shift-Dir - straight line, f/p - orc warrior
Aim: an orc warrior, wielding a dire flail and wearing a chain mail (poisoned)
You shoot a poisoned needle.
The poisoned needle hits the orc warrior!
The orc warrior looks even sicker.
The orc warrior completely misses you.
Wield which item (- for none, * to show all)? (? for menu, Esc to quit)
a - a +2 dagger (weapon)
The orc warrior hits you with a dire flail!!
Ouch! That really hurt!
* * * LOW HITPOINT WARNING * * *
Read which item? (? for menu, Esc to quit)
As you read the scroll of teleportation, it crumbles to dust.
You feel strangely unstable.
Wield which item (- for none, * to show all)? (? for menu, Esc to quit)
q - a wand of confusion (in hand)
The orc warrior barely misses you.
Drink which item? (? for menu, Esc to quit)
You feel better.
The orc warrior hits you with a dire flail!
You die...

#########
........#
........#####
....(.....o@#
........#####
..........#
...#+#+#..#
.. #..#
#..####
#.....# #
#.###.# #.
#.#.#.#


You could see an orc warrior.

Vanquished Creatures
  An ice beast (D:5)
  A water moccasin skeleton (D:4)
  A scorpion (D:4)
  2 giant frog skeletons (D:5)
  An orc priest (D:5)
  2 hounds (D:4)
  2 iguanas
  Terence (D:3)
  2 worker ants (D:4)
  Natasha (thrice) (D:3)
  2 orc wizards (D:4)
  A hound zombie (D:5)
  14 adders
  3 gnolls (D:4)
  5 worms
  7 giant geckos
  11 orcs
  4 bats (D:2)
  A giant cockroach (D:4)
  6 goblins
  11 hobgoblins
  6 jackals (D:4)
  5 kobolds
  8 quokkas
  3 ball pythons (D:2)
  2 giant gecko skeletons (D:4)
  3 giant newts
  A jackal skeleton (D:4)
  A jackal zombie (D:5)
  A quokka skeleton (D:5)
  3 rats
114 creatures vanquished.

Notes
Turn   | Place    | Note
--------------------------------------------------------------
     0 | D:1      | homeworkjunkie the Spriggan Assassin began the quest for the Orb.
     0 | D:1      | Reached XP level 1. HP: 10/10 MP: 2/2
    77 | D:1      | Reached skill level 6 in Stealth
   149 | D:3      | Noticed Terence
   151 | D:3      | Killed Terence
   151 | D:3      | Reached XP level 2. HP: 13/15 MP: 3/3
   151 | D:3      | Reached XP level 3. HP: 15/18 MP: 4/4
   244 | D:1      | Reached skill level 7 in Stealth
   684 | D:2      | Reached XP level 4. HP: 6/23 MP: 5/5
  1751 | D:2      | Reached skill level 8 in Stealth
  2090 | D:3      | Found a shadowy altar of Dithmenos.
  2158 | D:3      | Noticed Natasha
  2195 | D:3      | Reached XP level 5. HP: 26/26 MP: 6/6
  2207 | D:3      | Killed Natasha
  2231 | D:3      | Noticed Natasha
  2242 | D:3      | Killed Natasha
  2292 | D:3      | Noticed Natasha
  2292 | D:3      | Killed Natasha
  2680 | D:3      | Found an opulent altar of Gozag.
  2681 | D:3      | Found a glowing silver altar of Zin.
  3358 | D:4      | Reached XP level 6. HP: 26/30 MP: 7/7
  3545 | D:4      | Reached skill level 9 in Stealth
  3576 | D:4      | Reached skill level 5 in Dodging
  4016 | D:5      | Entered Level 5 of the Dungeon
  4228 | D:4      | Found a blossoming altar of Fedhas.
  4339 | D:4      | Reached XP level 7. HP: 35/35 MP: 8/8
  5045 | D:5      | Found Oshuxucy's Gadget Shop.
  5224 | D:5      | Learned a level 2 spell: Stoneskin
  5577 | D:6      | Slain by an orc warrior

Action                   |  1- 3 |  4- 6 |  7- 9 || total
-------------------------+-------+-------+-------++-------
Melee: Dagger            |    62 |   270 |    78 ||   410
 Fire: Blowgun           |    10 |    33 |     9 ||    52
 Cast: Stoneskin         |       |       |     1 ||     1
Evoke: Wand              |       |     4 |    11 ||    15
  Use: Potion            |     2 |     3 |     3 ||     8
       Scroll            |       |    12 |     2 ||    14
 Stab: Sleeping          |     7 |    26 |     8 ||    41
       Distracted        |       |     1 |       ||     1
  Eat: Bread ration      |       |     1 |       ||     1
